 Dungeon Crawl Stone Soup version 0.30.1-9-gdf580d7c3d (webtiles) character file.

Game seed: 6626260604533679382

169196 Wiggles the Executioner (level 17, -15/158 (166) HPs)
             Began as a Minotaur Berserker on Sept 29, 2023.
             Was a High Priest of Trog.
             Killed from afar by Nikola (76 damage)
             ... with an arc of chain lightning
             ... on level 4 of the Shoals.
             The game lasted 00:43:13 (20207 turns).

Wiggles the Executioner (Minotaur Berserker)       Turns: 20207, Time: 00:43:14

HP:   -15/158 (166) AC: 15    Str: 38    XL:     17   Next: 35%
MP:   25/25         EV: 35    Int:  7    God:    Trog [*****.]
Gold: 2540          SH: 10    Dex: 10    Spells: 16/16 levels left

rFire   + . .        E - +9 war axe (spect)
rCold   x . .        m - +3 buckler of Trial and Error {rF+ SInv Stlth+}
rNeg    . . .        b - +0 ring mail of Tof Ziwk {Rampage Fly Dex-3 Slay+6}
rPois   .            (helmet restricted)
rElec   .            W - +0 cloak "Muecren" {Str+5 Int+3}
rCorr   +            q - +1 pair of gloves of Blue Curiosity {rC- Regen+ rCorr Slay+5}
SInv    +            r - +2 pair of boots
Will    +....        s - amulet of Idyif {Acrobat Regen+ MP+9}
Stlth   +++++        e - +6 ring of strength
HPRegen 2.06/turn    z - +5 ring of evasion
MPRegen 0.19/turn

%: acrobat, rampage
@: on berserk cooldown, acrobatic, flying, slowed, lightly drained, very slow
A: horns 2, retaliatory headbutt
a: Renounce Religion, Berserk, Trog's Hand, Brothers in Arms


You were on level 4 of the Shoals.
You worshipped Trog.
Trog was extremely pleased with you.
You visited 4 branches of the dungeon, and saw 26 of its levels.
You also visited: Bailey and Gauntlet.

You collected 3846 gold pieces.
You spent 1306 gold pieces at shops.

Inventory:

Hand Weapons
 E - a +9 spectral war axe (weapon)
 J - a +4 executioner's axe of venom
 O - a +4 broad axe of freezing
Missiles
 t - 5 throwing nets (quivered)
Armour
 b - the +0 ring mail of Tof Ziwk (worn) {Rampage Fly Dex-3 Slay+6}
   (You bought it in a shop on level 4 of the Dungeon)

   Dex:       It affects your dexterity (-3).
   Slay:      It affects your accuracy & damage with ranged weapons and melee
   (+6).
   Fly:       It grants you flight.
   Rampage:   It bestows one free step when moving towards enemies.
 m - the +3 buckler of Trial and Error (worn) {rF+ SInv Stlth+}
   (You acquired it on level 14 of the Dungeon)

   rF:        It protects you from fire.
   SInv:      It lets you see invisible.
   Stlth:     It makes you more stealthy.
 q - the +1 pair of gloves of Blue Curiosity (worn) {rC- Regen+ rCorr Slay+5}
   (You acquired it on level 1 of the Lair of Beasts)

   Slay:      It affects your accuracy & damage with ranged weapons and melee
   (+5).
   rC:        It makes you vulnerable to cold.
   Regen:     It increases your rate of health regeneration.
   rCorr:     It protects you from acid and corrosion.
 r - a +2 pair of boots (worn)
 H - +1 swamp dragon scales
 P - a +3 chain mail of cold resistance
 V - a +5 plate armour
 W - the +0 cloak "Muecren" (worn) {Str+5 Int+3}
   (You found it on level 3 of the Shoals)

   Str:       It affects your strength (+5).
   Int:       It affects your intelligence (+3).
Jewellery
 a - an amulet of guardian spirit
 e - a +6 ring of strength (left hand)
 h - a ring of protection from fire
 s - the amulet of Idyif (around neck) {Acrobat Regen+ MP+9}
   (You found it in a Gauntlet)

   [amulet of the acrobat]

   It increases your evasion while moving and waiting.
   MP:        It affects your magic capacity (+9).
   Regen:     It increases your rate of health regeneration.
 v - an amulet of regeneration
 z - a +5 ring of evasion (right hand)
 B - a +6 ring of dexterity
 D - a ring of positive energy
Wands
 g - a wand of charming (29)
 i - a wand of iceblast (4)
 w - a wand of flame (61)
 y - a wand of acid (13)
 K - a wand of digging (9)
 N - a wand of polymorph (6)
Scrolls
 f - 9 scrolls of teleportation
 j - 2 scrolls of fear
 p - a scroll of summoning
 M - 3 scrolls of fog
 R - 2 scrolls of silence
 S - 4 scrolls of blinking
 U - a scroll of magic mapping
Potions
 c - 3 potions of berserk rage
 d - a potion of might
 k - 3 potions of lignification
 l - 7 potions of heal wounds
 n - 4 potions of flight
 o - 12 potions of curing
 u - 7 potions of magic
 A - 5 potions of haste
 C - a potion of invisibility
 F - 4 potions of ambrosia
 G - 5 potions of resistance
 I - 3 potions of cancellation
 Q - 6 potions of mutation
 T - a potion of experience
Miscellaneous
 x - a piece from Xom's chessboard (15/15)
 L - a phial of floods


   Skills:
 + Level 18.6 Fighting
 + Level 21.3 Axes
 + Level 12.2 Armour
 + Level 11.4 Dodging
 + Level 10.8 Stealth
 + Level 14.4 Shields


You had 16 spell levels left.
You didn't know any spells.
Your spell library was empty.

Dungeon Overview and Level Annotations

Branches:
Dungeon (15/15)            Temple (0/1) D:5            Lair (5/5) D:9
 Shoals (4/4) Lair:2       Spider (0/4) Lair:2        Slime (0/5) Lair:5
    Orc (2/2) D:9             Elf (0/3) Orc:2        Vaults (0/5) D:13
 Depths (0/4) D:15         Bailey (visited)         Gauntlet (visited)

Altars:
Cheibriados
Dithmenos
Gozag
Hepliaklqana
Kikubaaqudgha
Makhleb
Qazlal
Vehumet
Wu Jian
Xom
Yredelemnul

Shops:
D:4 [   D:10 :   Orc:2 =[!?   Shoals:3 ?

Portals:
Pandemonium: Orc:2
Trove: D:12 (show abyssal rune of Zot)

Annotations:
Shoals:4 Nikola


Innate Abilities, Weirdness & Mutations

You have a pair of horns on your head.
You reflexively headbutt those who attack you in melee.


Message History

You feel drained. You block Louise's attack.
A faun comes into view. It is wielding a +0 club.
Wiggles's illusion hits you!
Nikola mumbles some strange words.
Nikola blinks!
The faun unwields a +0 club.
The faun wields a +0 sling.
The faun shoots a sling bullet.
The sling bullet misses you.
The sling bullet hits Mara.
You open Mara like a pillowcase!!!
You kill Mara!
Trog accepts your kill.
Wiggles's illusion is no longer berserk.
Wiggles's illusion shimmers and vanishes!
Mara shimmers and vanishes!
Your +9 spectral war axe disappears.
Louise gestures at you while chanting. You block the stone arrow.
The faun shoots a sling bullet.
The sling bullet hits you.
Things that are here:
a +4 demon blade of draining; a +0 robe You feel a strong urge to attack something.
You are too berserk!
You are too berserk!
You are no longer berserk.
You are exhausted.
You feel yourself slow down.
Nikola casts a spell.
Lightning arcs from Nikola's hands!
The bolt of lightning hits you!!
A bolt of lightning appears from out of thin air!
The bolt of lightning hits Nikola!
The bolt of lightning hits Louise!!!
Louise dies!
A bolt of lightning appears from out of thin air!
The bolt of lightning hits the faun! x2; The faun shoots a sling bullet.
You block the sling bullet.
You hear an angry hiss. x2; You hear a shout! x6; You hear a screech!
You hear a shout!
You hear a bellow!
You hear a shout! x3; You hear a screech!
You hear a shout!
You hear an angry hiss.
Nikola warns, "If you see one of my golems, approach with caution, they bite."
Nikola gestures wildly while chanting.
Lightning arcs from Nikola's hands!
The bolt of lightning hits you!!!!
You die...

..~.. .... .# # ...
#...# .~
#.##..###...# #..
#~#.....#...#....
.#...(...#8.8#...
.~..~..~@....c..
#..~@...~.#
#.....†~..#
#.~..)?)..#
#######8.~########
.)##~~...~~#..#.#~
~~~~~..†..~~~~~~~~
~.....~#+#.....~~~~
~.....##)##~....~~#
#..~.#)..#..#####.
~


You could see Nikola and a faun.

Vanquished Creatures
  Mara (Shoals:4)
  Jorgrun (D:14)
  Rupert (D:12)
  A kraken (Shoals:1)
  Agnes (D:15)
  The ghost of Qidumn the Severer, an adept MiFi of Okawaru (Shoals:3)
  Donald (Shoals:1)
  A deep elf sorcerer (Shoals:1)
  An ironbound preserver (D:13)
  A minotaur (Gauntlet)
  A deep elf death mage (Shoals:1)
  4 merfolk impalers
  A merfolk javelineer (Shoals:3)
  Josephine (D:14)
  Fannar (Lair:2)
  A fire dragon (Lair:2)
  5 hydras
  2 catoblepae (Lair:5)
  2 alligator snapping turtles
  A demonspawn (Orc:2)
  4 merfolk aquamancers
  7 centaur warriors
  3 merfolk avatars
  8 two-headed ogres
  5 boulder beetles
  5 orc high priests
  5 death yaks (Lair:5)
  2 tengu warriors
  Urug (D:13)
  3 satyrs
  Nergalle (D:12)
  A deep elf knight (Shoals:1)
  7 skysharks
  A soul eater (Gauntlet)
  A fire crab (Gauntlet)
  7 sea snakes
  3 wizards
  A lindwurm (Lair:5)
  5 orc knights
  The ghost of MrPagan1517 the Chopper, a novice HOFi (D:5)
  3 deep elf zephyrmancers
  13 harpies
  5 deep elf pyromancers
  A wolf spider (Lair:2)
  15 fauns
  4 orc sorcerers
  10 cyclopes
  13 ugly things
  16 manticores
  3 merfolk sirens
  Joseph (Lair:1)
  8 elephants
  6 black mambas
  3 torpor snails
  2 black mambas (shapeshifter)
  5 water nymphs
  14 cane toads
  An ice statue (Gauntlet)
  A gargoyle (D:11)
  4 kobold demonologists
  An orange demon (Orc:2)
  2 unseen horrors
  7 rime drakes
  A freezing wraith (D:15)
  2 efreet
  5 komodo dragons
  A red devil (Orc:2)
  4 unseen horror zombies (D:9)
  A tengu conjurer (D:14)
  20 merfolk
  3 polar bears
  6 trolls
  4 meliai
  2 wind drakes (Shoals:2)
  Grinder (D:3)
  Prince Ribbit (D:7)
  11 blink frogs
  10 dream sheep
  8 snapping turtles
  3 slime creatures (D:14)
  10 water elementals
  2 shadows
  6 wraiths
  4 vampires
  A yak (shapeshifter) (D:14)
  69 yaks
  3 basilisks
  3 hogs (D:15)
  A wyvern (Lair:5)
  4 fire bats (Gauntlet)
  A golden eye (shapeshifter) (D:15)
  2 vampire mosquitoes (D:12)
  Grum (D:9)
  4 steam dragons
  A chaos spawn (Orc:2)
  3 wargs
  Edmund (D:6)
  3 hell hounds (Gauntlet)
  5 acid dragons
  15 water moccasins
  38 orc warriors
  2 sky beasts
  A black bear (D:6)
  10 ogres
  8 wolves
  12 centaurs
  A phantom (D:4)
  A kobold brigand (D:7)
  9 bullfrogs
  A gnoll sergeant (D:9)
  7 scorpions
  10 wights
  17 killer bees
  4 howler monkeys
  An electric eel (Lair:3)
  A crimson imp (D:4)
  A centaur skeleton (D:5)
  2 hounds
  26 orc priests
  2 centaur zombies (D:9)
  A gnoll bouda (D:10)
  2 bullfrog skeletons (D:5)
  6 jellies
  21 orc wizards
  3 sleepcaps
  Ijyb (D:4)
  5 iguanas
  A hell rat (Lair:5)
  2 killer bee zombies (D:9)
  2 howler monkey zombies (D:9)
  Robin (D:2)
  9 adders
  8 gnolls
  4 shadow imps
  3 white imps
  4 worms
  4 dart slugs
  90 orcs
  7 endoplasms
  3 giant cockroaches
  12 goblins
  8 hobgoblins
  3 jackals (D:2)
  10 kobolds
  6 quokkas
  2 ball pythons (D:1)
  8 bats
  A frilled lizard (D:2)
  2 butterflies (D:7)
  2 spectral weapons (D:15)
  4 tentacles (Shoals:1)
849 creatures vanquished.

Vanquished Creatures (collateral kills)
  Nessos (D:15)
  A hydra (Lair:5)
  2 demonspawn (Orc:2)
  3 orc high priests (Orc:2)
  3 orc knights
  A lindwurm (Lair:5)
  A necromancer (D:15)
  A harpy (Shoals:3)
  An ugly thing (D:15)
  A deep elf pyromancer (D:15)
  An orc sorcerer (Orc:2)
  A naga mage (D:15)
  A manticore (Lair:5)
  2 centaur skeletons (D:15)
  A merfolk (Shoals:3)
  A meliai zombie (D:15)
  A neqoxec (Orc:2)
  3 orc warriors
  4 orc priests (Orc:2)
  3 orcs
33 creatures vanquished.

Vanquished Creatures (others)
  Kirke (D:15)
  Louise (Shoals:4)
  An orc wizard (D:10)
  An adder (D:10)
  2 bats (D:10)
  8 spectral weapons
  A tentacle (Shoals:1)
15 creatures vanquished.

Grand Total: 897 creatures vanquished

Notes
Turn   | Place    | Note
-------+----------+-------------------------------------------
     0 | D:1      | Wiggles the Minotaur Berserker began the quest for the Orb.
     0 | D:1      | Reached XP level 1. HP: 19/19 MP: 0/0
   257 | D:1      | Reached XP level 2. HP: 24/27 MP: 1/1
   498 | D:1      | You fall into a shaft and drop 1 floor!
   568 | D:2      | Reached skill level 4 in Axes
   640 | D:2      | Reached XP level 3. HP: 17/33 MP: 2/2
   720 | D:2      | Identified the +0 robe of Space {Fly rCorr Str+4 Int-5}
   783 | D:2      | Reached skill level 1 in Stealth
  1034 | D:2      | Found a faded altar of an unknown god.
  1064 | D:2      | Found a shadowy altar of Dithmenos.
  1131 | D:2      | Reached ** piety under Trog
  1375 | D:2      | Noticed Robin
  1384 | D:2      | Killed Robin
  1385 | D:2      | Reached XP level 4. HP: 41/41 MP: 3/3
  1567 | D:3      | Found a burning altar of Makhleb.
  1661 | D:3      | Noticed Grinder
  1680 | D:3      | Killed Grinder
  1681 | D:3      | Reached skill level 5 in Axes
  1681 | D:3      | Reached skill level 1 in Shields
  1681 | D:3      | Reached XP level 5. HP: 5/47 MP: 4/4
  1681 | D:3      | Reached XP level 6. HP: 6/55 MP: 5/5
  1952 | D:3      | Reached skill level 5 in Fighting
  2162 | D:4      | Reached skill level 5 in Armour
  2369 | D:4      | Noticed Ijyb
  2376 | D:4      | Killed Ijyb
  2387 | D:4      | Reached XP level 7. HP: 60/61 MP: 6/6
  2599 | D:4      | Reached skill level 6 in Axes
  2635 | D:4      | Found Gakhle's Armour Shop.
  2919 | D:5      | Entered Level 5 of the Dungeon
  2931 | D:5      | Reached *** piety under Trog
  2932 | D:5      | Reached skill level 7 in Axes
  2970 | D:5      | Found a staircase to the Ecumenical Temple.
  3066 | D:5      | Found an ornate altar of the Wu Jian Council.
  3100 | D:5      | Found a hazy altar of Hepliaklqana.
  3120 | D:5      | Reached XP level 8. HP: 57/70 MP: 7/7
  3558 | D:5      | Found a runed translucent gate.
  3559 | D:5      | Found a runed translucent gate.
  3562 | D:5      | Found a runed translucent gate.
  3563 | D:5      | Noticed MrPagan1517's ghost (novice HOFi)
  3815 | D:5      | Reached skill level 8 in Axes
  3820 | D:5      | Killed MrPagan1517's ghost
  3821 | D:5      | Reached skill level 9 in Axes
  4009 | D:6      | Noticed Edmund
  4022 | D:6      | Killed Edmund
  4081 | D:6      | Reached XP level 9. HP: 70/78 MP: 8/8
  4265 | D:6      | Found a radiant altar of Vehumet.
  4279 | D:6      | Reached skill level 10 in Axes
  4612 | D:6      | Identified a scroll of acquirement
  4612 | D:6      | Acquired 741 gold pieces
  4773 | D:4      | Bought the +0 ring mail of Tof Ziwk {Rampage Fly Dex-3
                  | Slay+6} for 384 gold pieces
  5068 | D:7      | Noticed Prince Ribbit
  5076 | D:7      | Killed Prince Ribbit
  5177 | D:7      | Found a shimmering altar of Xom.
  5240 | D:7      | Reached skill level 11 in Axes
  5243 | D:7      | Reached skill level 5 in Shields
  5609 | D:7      | Reached **** piety under Trog
  5647 | D:8      | Found a flagged portal.
  5660 | Bailey   | Entered a bailey
  5838 | Bailey   | Noticed an orc knight
  5844 | Bailey   | Noticed an orc knight
  5846 | Bailey   | Killed an orc knight
  5847 | Bailey   | Reached XP level 10. HP: 88/88 MP: 9/9
  5848 | Bailey   | Reached skill level 12 in Axes
  5852 | Bailey   | Killed an orc knight
  6111 | D:8      | Noticed a manticore
  6123 | D:8      | Killed a manticore
  6137 | D:8      | Identified the staff of earth "Riutoim" {Fragile rPois rN+}
  6138 | D:8      | Reached skill level 13 in Axes
  6148 | D:8      | Reached skill level 5 in Dodging
  6713 | D:9      | Reached XP level 11. HP: 90/95 MP: 10/10
  6732 | D:9      | Found a staircase to the Lair.
  6765 | D:9      | Noticed a boulder beetle
  6778 | D:9      | Reached ***** piety under Trog
  6786 | D:9      | Killed a boulder beetle
  6787 | D:9      | Reached skill level 14 in Axes
  6874 | D:9      | Found a basalt altar of Yredelemnul.
  6980 | D:9      | Noticed a two-headed ogre
  6983 | D:9      | Killed a two-headed ogre
  7071 | D:9      | Found a staircase to the Orcish Mines.
  7277 | D:9      | Noticed a two-headed ogre
  7283 | D:9      | Killed a two-headed ogre
  7284 | D:9      | Reached skill level 15 in Axes
  7334 | D:9      | Noticed Grum
  7337 | D:9      | Killed Grum
  7340 | D:9      | Received a gift from Trog
  7345 | D:9      | Reached skill level 10 in Fighting
  7469 | D:10     | Entered Level 10 of the Dungeon
  7485 | D:10     | Found an ancient bone altar of Kikubaaqudgha.
  7567 | D:10     | Found Kaotagum's Book Emporium.
  7567 | D:10     | Noticed a walking frostbound tome
  7567 | D:10     | Noticed a walking divine tome
  7850 | D:10     | Noticed a soul eater
  7870 | D:10     | Reached XP level 12. HP: 78/106 MP: 11/11
  8048 | D:10     | Found a snail-covered altar of Cheibriados.
  8339 | D:11     | Identified the +0 chain mail of Shielding {rElec rCorr
                  | Dex-2 Slay+2}
  8371 | D:11     | Identified the +2 falchion of Kismet {heavy, Contam *Slow
                  | rF++ Str+2}
  8654 | D:11     | Reached skill level 16 in Axes
  8910 | D:11     | Noticed a two-headed ogre
  8914 | D:11     | Killed a two-headed ogre
  9133 | D:12     | Noticed Nergalle
  9136 | D:12     | Found a portal to a secret trove of treasure.
  9140 | D:12     | Received a gift from Trog
  9146 | D:12     | Killed Nergalle
  9250 | D:12     | Noticed a two-headed ogre
  9257 | D:12     | Killed a two-headed ogre
  9258 | D:12     | Reached skill level 10 in Shields
  9271 | D:12     | Reached skill level 10 in Armour
  9315 | D:12     | Noticed a boulder beetle
  9326 | D:12     | Killed a boulder beetle
  9555 | D:12     | Noticed Rupert
  9556 | D:12     | Paralysed by Rupert for 4 turns
  9567 | D:12     | Killed Rupert
  9568 | D:12     | Reached XP level 13. HP: 117/117 MP: 12/12
  9775 | D:12     | Reached skill level 17 in Axes
 10014 | Lair:1   | Entered Level 1 of the Lair of Beasts
 10014 | Lair:1   | Noticed Joseph
 10018 | Lair:1   | Killed Joseph
 10209 | Lair:1   | Acquired the +1 pair of gloves of Blue Curiosity {rC-
                  | Regen+ rCorr Slay+5}
 10325 | Lair:1   | Reached skill level 5 in Stealth
 10680 | Lair:2   | Reached ****** piety under Trog
 10737 | Lair:2   | Found a hole to the Spider Nest.
 10904 | Lair:2   | Received a gift from Trog
 10905 | Lair:2   | Found a gate leading to a gauntlet.
 10933 | Gauntlet | Entered a Gauntlet
 10933 | Gauntlet | Found a runed translucent door.
 10933 | Gauntlet | Found a transporter.
 10933 | Gauntlet | Found a transporter.
 10933 | Gauntlet | Found a transporter.
 10933 | Gauntlet | Found a runed translucent door.
 10945 | Gauntlet | Found a transporter.
 10948 | Gauntlet | Found a transporter.
 10956 | Gauntlet | Found a transporter.
 10959 | Gauntlet | Found a transporter.
 10971 | Gauntlet | Found a transporter.
 10987 | Gauntlet | Found a transporter.
 11005 | Gauntlet | Found a transporter.
 11009 | Gauntlet | Found a transporter.
 11019 | Gauntlet | Found a transporter.
 11173 | Gauntlet | Identified the amulet of Idyif {Acrobat Regen+ MP+9}
 11299 | Gauntlet | Identified the +4 war axe "Xeasch" {protect, +Blink Fly
                  | Dex-2}
 11299 | Gauntlet | Noticed a minotaur
 11307 | Gauntlet | Killed a minotaur
 11319 | Gauntlet | Identified the +1 helmet of Hedging {rCorr}
 11378 | Lair:2   | Noticed a fire dragon
 11385 | Lair:2   | Killed a fire dragon
 11466 | Lair:2   | Noticed Fannar
 11480 | Lair:2   | Killed Fannar
 11601 | Lair:2   | Found a staircase to the Shoals.
 12063 | Lair:3   | Received a gift from Trog
 12069 | Lair:3   | Reached XP level 14. HP: 117/129 MP: 13/13
 12434 | Lair:4   | Reached skill level 18 in Axes
 12834 | Lair:5   | Entered Level 5 of the Lair of Beasts
 12948 | Lair:5   | Found a runed translucent door.
 12958 | Lair:5   | Found a staircase to the Slime Pits.
 13388 | Lair:5   | Found a stormy altar of Qazlal.
 13450 | Lair:5   | Reached skill level 15 in Fighting
 13943 | D:13     | Noticed Urug
 13950 | D:13     | Killed Urug
 13999 | D:13     | Found a gate to the Vaults.
 13999 | D:13     | Noticed an ironbound preserver
 14011 | D:13     | Killed an ironbound preserver
 14012 | D:13     | Reached skill level 19 in Axes
 14133 | D:13     | Received a gift from Trog
 14279 | D:13     | Reached XP level 15. HP: 141/141 MP: 14/14
 14305 | D:13     | Found a shimmering altar of Xom.
 14306 | D:13     | Found a shimmering altar of Xom.
 14306 | D:13     | Found a shimmering altar of Xom.
 14307 | D:13     | Found a shimmering altar of Xom.
 14307 | D:13     | Found a shimmering altar of Xom.
 14307 | D:13     | Found a shimmering altar of Xom.
 14308 | D:13     | Found a shimmering altar of Xom.
 14309 | D:13     | Found a shimmering altar of Xom.
 14317 | D:13     | Found a shimmering altar of Xom.
 14803 | D:14     | Acquired the +3 buckler of Trial and Error {rF+ SInv
                  | Stlth+}
 14842 | D:14     | Noticed Josephine
 14855 | D:14     | Killed Josephine
 15045 | D:14     | Identified the +7 lajatang of Mac Faen {antimagic, rF+}
 15081 | D:14     | Noticed Jorgrun
 15087 | D:14     | Killed Jorgrun
 15158 | D:14     | Found an opulent altar of Gozag.
 15454 | D:15     | Entered Level 15 of the Dungeon
 15483 | D:15     | Reached skill level 10 in Dodging
 15489 | D:15     | Noticed Nessos
 15491 | D:15     | Noticed Agnes
 15502 | D:15     | Killed Agnes
 15503 | D:15     | Noticed Kirke
 15504 | D:15     | Received a gift from Trog
 15516 | D:15     | HP: 3/145 [Nessos/arrow (8)]
 15516 | D:15     | HP: 1/145 [Nessos/arrow (2)]
 15517 | D:15     | Killed Kirke
 15518 | D:15     | Killed Nessos
 15598 | D:15     | Found a staircase to the Depths.
 16133 | Orc:1    | Entered Level 1 of the Orcish Mines
 16526 | Orc:2    | Entered Level 2 of the Orcish Mines
 16597 | Orc:2    | Found a staircase to the Elven Halls.
 16663 | Orc:2    | Received a gift from Trog
 16726 | Orc:2    | Found Fatynku's Magic Scroll Shop.
 16726 | Orc:2    | Found Meetidis's Distillery.
 16768 | Orc:2    | Bought a scroll of enchant weapon for 97 gold pieces
 16768 | Orc:2    | Bought a scroll of enchant armour for 97 gold pieces
 16768 | Orc:2    | Bought a scroll of brand weapon for 123 gold pieces
 16770 | Orc:2    | Bought a potion of heal wounds for 55 gold pieces
 16770 | Orc:2    | Bought a potion of experience for 550 gold pieces
 16835 | Orc:2    | Reached XP level 16. HP: 79/154 MP: 15/15
 16852 | Orc:2    | Reached skill level 20 in Axes
 16896 | Orc:2    | Found Heygiuw's Antique Armour Emporium.
 16896 | Orc:2    | Found a one-way gate leading to the halls of Pandemonium.
 16896 | Orc:2    | Found Fusup's Jewellery Shoppe.
 17781 | Shoals:1 | Entered Level 1 of the Shoals
 17935 | Shoals:1 | Identified the +5 kite shield of Mezcal {*Corrode Fly
                  | Regen+ Dex+6}
 17935 | Shoals:1 | Noticed Donald
 17943 | Shoals:1 | Killed Donald
 18274 | Shoals:1 | Noticed a kraken
 18279 | Shoals:1 | Killed a kraken
 18662 | Shoals:2 | Identified the +3 leather armour of Understanding {rElec
                  | Dex+3}
 18711 | Shoals:2 | Received a gift from Trog
 18895 | Shoals:2 | Reached skill level 10 in Stealth
 18919 | Shoals:2 | Reached skill level 21 in Axes
 19311 | Shoals:2 | Reached XP level 17. HP: 159/163 MP: 16/16
 19777 | Shoals:3 | Received a gift from Trog
 19782 | Shoals:3 | Found Kudeyciw's Magic Scroll Boutique.
 19930 | Shoals:3 | Found a runed translucent gate.
 19931 | Shoals:3 | Found a runed translucent gate.
 19932 | Shoals:3 | Found a runed translucent gate.
 19940 | Shoals:3 | Noticed Qidumn's ghost (adept MiFi)
 19955 | Shoals:3 | Killed Qidumn's ghost
 19965 | Shoals:3 | Identified the +0 cloak "Muecren" {Str+5 Int+3}
 20141 | Shoals:4 | Entered Level 4 of the Shoals
 20176 | Shoals:4 | Noticed Louise
 20191 | Shoals:4 | Noticed Mara
 20192 | Shoals:4 | Noticed Nikola
 20197 | Shoals:4 | Noticed Wiggles's illusion
 20203 | Shoals:4 | Killed Mara
 20206 | Shoals:4 | Killed Louise
 20207 | Shoals:4 | Killed from afar by Nikola

Illustrated notes

Levels and vault maps discovered:
D:1:      ncdulo_wetmaze, layout_rooms, minmay_split_cup_large
D:2:      layout_loops_corners, shapermc_ecumenical_altar_notcrosses,
          basic_altar, uniq_robin
D:3:      layout_rooms, mainiacjoe_overflow_tiny_flanked, uniq_grinder
D:4:      layout_basic, serial_shops, shop, minmay_fire_ice_demons, uniq_ijyb
D:5:      layout_basic, lemuel_doored_altar, mainiacjoe_overflow_cross_hatched,
          minmay_temple_entry_statues_fountains, gammafunk_ghost_necromancy
D:6:      layout_loops_ring, kennysheep_little_box, uniq_edmund
D:7:      layout_cave_pods, xom_butterflies, uniq_prince_ribbit1
D:8:      layout_rooms, serial_rivers, chequers_serial_rivers_marsh,
          chequers_serial_rivers_micro_d, chequers_serial_rivers_micro_d,
          chequers_serial_rivers_large_b, chequers_serial_rivers_small_a,
          chequers_serial_rivers_small_3, enter_bailey_2, minmay_radiant
D:9:      layout_roguey, nicolae_yredelemnul_corpse_copse, david_orc_2,
          minmay_circle_x, uniq_grum
D:10:     old_forge, layout_basic, nicolae_overflow_hidden_temple,
          chei_slow_surprise, serial_shops, nicolae_shop_mannequins,
          kennysheep_nondescript, nicolae_twisting_strands
D:11:     layout_gridville
D:12:     layout_small_grid, nicolae_trove_entry_free_sample,
          nicolae_concentric_dashed_squares_wild, minmay_bent, uniq_nergalle,
          uniq_rupert
D:13:     layout_layer_cave, skrybe_vaults_entry_preservation, minivault_19,
          xom_shifter_show, uniq_urug
D:14:     layout_irregular_city, grunt_gozag_breadcrumbs, kennysheep_kite_vault,
          uniq_jorgrun, uniq_josephine
D:15:     grunt_enter_depths_magical_seal, layout_rooms, grunt_decor_cap,
          uniq_kirke, uniq_agnes, uniq_nessos
Lair:1:   layout_chaotic_city, uniq_joseph
Lair:2:   dragon1_lemuel, layout_small_grid, minmay_shoals_entry_lonely_mermaid,
          spider_nest_entry_rubble, gauntlet_entry_generic, lemuel_fruit_tree,
          uniq_fannar
Lair:3:   layout_hall_layers, serial_bayou_shore_a, grunt_megastairs_5
Lair:4:   layout_concentric_octagons
Lair:5:   hangedman_lair_in_review, layout_gridlike, slime_entry_2, basic_altar
Shoals:1: nicolae_shoals_deep_elves_summer_vacation, layout_shoals, uniq_donald
Shoals:2: layout_shoals, nicolae_shoals_shepherds
Shoals:3: layout_shoals, gammafunk_ghost_tricky_traps, serial_shops, shop
Shoals:4: shoals_end_hellmonk_lost_city, uniq_nikola, uniq_mara, uniq_louise
Orc:1:    layout_diamond_mine, kennysheep_orc_chapel
Orc:2:    pf_orc_diabolical, layout_caves, basic_altar, mines2_david

Skill      XL: |  1  2  3  4  5  6  7  8  9 10 11 12 13 14 15 16 |
---------------+-------------------------------------------------+-----
Fighting       | 4 5 6 7 8 10 11 13 15 16 18 | 18.6
Axes           | 4 5 7 9 11 13 15 16 17 19 21 | 21.3
Stealth        | 1 2 3 4 6 7 8 10 | 10.8
Armour         | 3 4 5 6 7 8 9 10 11 12 | 12.2
Shields        | 1 3 4 5 7 9 10 11 12 13 14 | 14.4
Dodging        | 3 4 5 6 7 8 9 10 11 | 11.4

Action                     |  1- 3 |  4- 6 |  7- 9 | 10-12 | 13-15 | 16-18 || total
---------------------------+-------+-------+-------+-------+-------+-------++-------
  Melee: Hand axe          |    65 |    80 |    70 |       |       |       ||   215
         Headbutt          |     6 |    12 |    35 |    58 |   102 |    50 ||   263
         War axe           |       |       |   147 |   236 |   425 |   228 ||  1036
 Invoke: Berserk           |     1 |     2 |     3 |     1 |     4 |     1 ||    12
         Brothers in Arms  |       |       |     1 |       |     8 |     3 ||    12
    Use: Scroll            |       |       |    16 |    20 |    12 |       ||    48
         Potion            |       |       |       |       |     6 |     2 ||     8
   Stab: Sleeping          |       |       |       |     2 |    12 |    17 ||    31
         Distracted        |       |       |       |     3 |     9 |    11 ||    23
         Held in net/web   |       |       |       |     1 |       |       ||     1
 Armour: Animal skin       |     5 |       |       |       |       |       ||     5
         Chain mail        |    21 |    35 |    48 |       |       |       ||   104
         Ring mail         |       |       |    17 |    29 |    73 |    15 ||   134
  Dodge: Dodged            |    39 |    41 |    96 |   156 |   248 |   111 ||   691
  Block: Kite shield       |    10 |    24 |   104 |    87 |    92 |       ||   317
         Buckler           |       |       |       |       |    66 |    70 ||   136
